[Event "ICC tourney 1955 (60 10)"]
[Site "Internet Chess Club"]
[Date "2020.08.08"]
[Round "6"]
[White "IAlwaysWin"]
[Black "Chessnutt2014"]
[Result "1-0"]
[ICCResult "Black resigns"]
[WhiteElo "2135"]
[BlackElo "1934"]
[Opening "King's Indian: fianchetto variation"]
[ECO "E62"]
[NIC "KI.75"]
[Time "18:37:19"]
[TimeControl "3600+10"]

1. Nf3 Nf6 2. c4 g6 3. d4 Bg7 4. Nc3 d6 5. g3 O-O 6. Bg2 c6 7. O-O Nbd7 8.
Qc2 e5 9. Rd1 Qe7 10. e3 e4 11. Nd2 d5 12. b3 Ne8 13. a4 Qe6 14. cxd5 cxd5
15. Ba3 Nd6 16. Nb5 Nxb5 17. Bxf8 Nxd4 18. exd4 Kxf8 19. Rac1 b6 20. Qc7 Ba6
21. Nf1 Rc8 22. Qxa7 Rxc1 23. Rxc1 Bxf1 24. Qa8+ Ke7 25. Rc6 Qf5 26. Bxf1
Bxd4 27. Rc2 e3 28. Re2 Qe4 29. f4 Nc5 30. Qa7+ Kf8 31. Qxb6 Nd3 32. Qd8+
Kg7 33. Bg2 Qf5 34. Qxd5 Qxd5 35. Bxd5 Nc1 36. Kf1 Nxe2 37. Kxe2 Bc5 38. Kd3
Kf6 39. Bf3 Ke6 40. Kc4 Kd6 41. b4 Ba7 42. a5 e2 43. Bxe2 Bg1 44. h3 Bh2 45.
g4 Bxf4 46. b5 Bd2 47. a6 Be3 48. Bf3 Bb6 49. g5 Ke5 50. Bc6 Bf2 51. Be8 Kd6
52. Bxf7 Kc7 53. Bg8 Kb6 54. Bxh7 Bh4 55. Bxg6 Bxg5 56. Bd3 Bh4 57. Kd5 Bf2
58. Ke4 Kc7 59. Kf3 Bd4 60. h4 Kd6 61. h5 {Black resigns} 1-0

[Event "ICC tourney 1955 (60 10)"]
[Site "Internet Chess Club"]
[Date "2020.08.08"]
[Round "6"]
[White "Coolio9000"]
[Black "Roger436"]
[Result "1/2-1/2"]
[ICCResult "Game drawn by mutual agreement"]
[WhiteElo "1845"]
[BlackElo "1583"]
[Opening "Sicilian: Nimzovich-Rossolimo attack (with ...g6, without ...d6)"]
[ECO "B31"]
[NIC "SI.31"]
[Time "18:37:13"]
[TimeControl "3600+10"]

1. e4 c5 2. Nf3 Nc6 3. Bb5 g6 4. O-O Bg7 5. c3 Nf6 6. Re1 O-O 7. d4 cxd4 8.
cxd4 d6 9. h3 a6 10. Ba4 b5 11. Bc2 Bb7 12. Bg5 Rc8 13. Nbd2 Nb4 14. Bb1 Qc7
15. a3 Nc2 16. Bxc2 Qxc2 17. Qxc2 Rxc2 18. b4 Rfc8 19. Re3 h6 20. Bh4 h5 21.
Rd1 e6 22. Bxf6 Bxf6 23. e5 dxe5 24. dxe5 Bg7 25. Ne4 Bd5 26. Nc5 a5 27. Nd4
Rc4 28. Nxb5 axb4 29. Nd3 Bh6 30. Ree1 Rc2 31. Nxb4 R2c5 32. Nxd5 Rxd5 33.
Rxd5 exd5 34. e6 fxe6 35. Rxe6 Rc1+ 36. Kh2 Kf7 37. Ra6 Rd1 38. Kg3 d4 39.
Rd6 Bg7 40. Kf3 d3 41. Ke3 Bh6+ 42. f4 d2 43. Rd4 Rb1 44. Nc3 Rb3 45. Kxd2
Rxa3 {Game drawn by mutual agreement} 1/2-1/2

[Event "ICC tourney 1955 (60 10)"]
[Site "Internet Chess Club"]
[Date "2020.08.08"]
[Round "6"]
[White "KylanHuang"]
[Black "Chessphilia"]
[Result "1/2-1/2"]
[ICCResult "Game drawn by mutual agreement"]
[WhiteElo "1883"]
[BlackElo "2082"]
[Opening "Scotch game"]
[ECO "C45"]
[NIC "SO.05"]
[Time "18:36:41"]
[TimeControl "3600+10"]

1. e4 e5 2. Nf3 Nc6 3. d4 exd4 4. Nxd4 Bc5 5. Nxc6 Qf6 6. Qf3 bxc6 7. Nc3
Qxf3 8. gxf3 Ne7 9. Be3 Bxe3 10. fxe3 d6 11. Bc4 Be6 12. Bb3 O-O 13. O-O-O
Ng6 14. h4 Ne5 15. Rdf1 Rab8 16. h5 h6 17. Rhg1 Kh7 18. Rg3 Nd7 19. Rfg1 Rg8
20. Ne2 Bxb3 21. axb3 Rb5 22. Nd4 Rxh5 23. Nxc6 g6 24. Ne7 Re8 25. Nd5 c6
26. Nf4 Ra5 27. Kd2 Nf6 28. Rh1 Rxe4 29. Rgh3 Ree5 30. Rxh6+ Kg7 31. R6h3
Ra2 32. Nd3 Rg5 33. R3h2 c5 34. e4 Rg3 35. Ke2 Nh5 36. Kf2 Rg5 37. f4 Rg4
38. Kf3 Rg3+ 39. Kf2 Rg4 40. Kf3 {Game drawn by mutual agreement} 1/2-1/2

[Event "ICC tourney 1955 (60 10)"]
[Site "Internet Chess Club"]
[Date "2020.08.08"]
[Round "6"]
[White "Ayushb"]
[Black "bg26723"]
[Result "1/2-1/2"]
[ICCResult "Game drawn by mutual agreement"]
[WhiteElo "1748"]
[BlackElo "1950"]
[Opening "Caro-Kann: exchange variation"]
[ECO "B13"]
[NIC "CK.02"]
[Time "18:37:47"]
[TimeControl "3600+10"]

1. e4 c6 2. d4 d5 3. exd5 cxd5 4. Bd3 Nf6 5. c3 Bg4 6. Nf3 Nc6 7. O-O e6 8.
Bg5 Be7 9. Nbd2 h6 10. Bf4 O-O 11. Qb3 Na5 12. Qa4 a6 13. h3 b5 14. Qc2 Bxf3
15. Nxf3 Rc8 16. Ne5 b4 17. Bxa6 Ra8 18. cxb4 Bxb4 19. a3 Bd6 20. Bd3 Qb6
21. Be3 Rfc8 22. Qd1 Qxb2 23. Qf3 Bxe5 24. dxe5 Qxe5 25. Bf4 Qd4 26. Rfd1
Qa4 27. Bxh6 Nb3 28. Rab1 Qxa3 29. Rxb3 Qxb3 30. Bh7+ Kxh7 31. Qxb3 Kxh6 32.
Qb7 Rf8 33. Rd4 Kh7 34. Qc7 Kg8 35. g4 Rfc8 36. Qe7 Ne4 37. Rd3 Re8 38. Qc7
Rec8 39. Qe7 Re8 40. Qc7 {Game drawn by mutual agreement} 1/2-1/2

[Event "ICC tourney 1955 (60 10)"]
[Site "Internet Chess Club"]
[Date "2020.08.08"]
[Round "6"]
[White "RisingRook"]
[Black "ryanwang"]
[Result "1/2-1/2"]
[ICCResult "Game drawn by mutual agreement"]
[WhiteElo "1973"]
[BlackElo "1841"]
[Opening "Sicilian: Nimzovich-Rossolimo attack (with ...g6, without ...d6)"]
[ECO "B31"]
[NIC "SI.31"]
[Time "18:36:52"]
[TimeControl "3600+10"]

1. e4 c5 2. Nf3 Nc6 3. Bb5 g6 4. Bxc6 dxc6 5. O-O Bg7 6. d3 Qc7 7. Nc3 e5 8.
Be3 b6 9. Qd2 h6 10. Ne2 Ne7 11. Ng3 f5 12. exf5 Nxf5 13. Rae1 Be6 14. Nxf5
gxf5 15. Bf4 exf4 16. Rxe6+ Kf7 17. Rfe1 Rhe8 18. Qe2 Qd7 19. Ne5+ Bxe5 20.
Rxe5 Rxe5 21. Qh5+ Kg7 22. Rxe5 Rf8 23. h3 Qf7 24. Qxf7+ Rxf7 25. Kf1 Kf6
26. Re8 f3 27. Rc8 fxg2+ 28. Kxg2 Re7 29. Rxc6+ Kg5 30. Kf3 h5 31. Rc8 Re1
32. c3 Kh4 33. Ra8 Kxh3 34. Rxa7 h4 35. Rb7 Re6 36. Rh7 Rd6
{Game drawn by mutual agreement}
1/2-1/2

[Event "ICC tourney 1955 (60 10)"]
[Site "Internet Chess Club"]
[Date "2020.08.08"]
[Round "6"]
[White "ikeepchecking"]
[Black "sanjayselvam"]
[Result "0-1"]
[ICCResult "White resigns"]
[WhiteElo "1984"]
[BlackElo "1937"]
[Opening "Alekhine's defense"]
[ECO "B02"]
[NIC "AL.10"]
[Time "18:37:32"]
[TimeControl "3600+10"]

1. e4 Nf6 2. e5 Nd5 3. Nf3 g6 4. d4 Bg7 5. c3 O-O 6. Bd3 d6 7. exd6 cxd6 8.
O-O Nc6 9. Re1 Re8 10. Nbd2 e5 11. dxe5 dxe5 12. Nf1 Nf6 13. Bg5 h6 14. Bxf6
Qxf6 15. Ng3 Bg4 16. Be4 Rad8 17. Qb3 Qe7 18. h3 Be6 19. Qc2 Qc7 20. Bd3 f5
21. Bb5 e4 22. Nd2 Nd4 23. Qa4 Nxb5 24. Qxb5 a6 25. Qa4 b5 26. Qc2 Be5 27.
Ne2 Qb6 28. Nb3 e3 29. Ned4 exf2+ 30. Qxf2 Bxb3 31. Nxb3 Qd6 32. Qc5 Qf6 33.
Rad1 Qh4 34. Qf2 Bh2+ 35. Kf1 Rxe1+ 36. Rxe1 Bg3 37. Qe2 Bxe1 38. Qxe1 Qxe1+
39. Kxe1 Kf7 40. Nc5 a5 41. Nb7 Ra8 42. Nd6+ Ke7 43. Nxb5 g5 44. Ke2 Kf6 45.
c4 Ke5 46. Ke3 f4+ 47. Kf3 h5 48. b3 Rg8 49. a3 g4+ 50. hxg4 hxg4+ 51. Kf2
g3+ 52. Ke2 Rd8 53. Nc3 Kf5 54. c5 Re8+ 55. Kf1 Re3 56. Nb5 Ke4 57. c6 Kd3
58. Nd6 Kd2 59. Nc4+ Kd1 60. Nb2+ Kc2 61. Nc4 Re6 62. c7 Rc6 63. Nxa5 Rxc7
64. Ke2 Rc3 65. Kf1 Kd3 {White resigns} 0-1

[Event "ICC tourney 1955 (60 10)"]
[Site "Internet Chess Club"]
[Date "2020.08.08"]
[Round "6"]
[White "kaiclc"]
[Black "BreatheChessAls"]
[Result "1-0"]
[ICCResult "Black checkmated"]
[WhiteElo "2072"]
[BlackElo "1917"]
[Opening "Sicilian: Kan, 5.Nc3"]
[ECO "B43"]
[NIC "SI.43"]
[Time "18:37:45"]
[TimeControl "3600+10"]

1. e4 c5 2. Nf3 e6 3. Nc3 a6 4. d4 cxd4 5. Nxd4 b5 6. Be3 Bb7 7. a3 Nc6 8.
Be2 Qc7 9. O-O Nf6 10. f4 d6 11. Bf3 Be7 12. Kh1 O-O 13. Qe1 Nxd4 14. Bxd4
e5 15. Be3 Rac8 16. f5 Rfd8 17. Rd1 Bc6 18. g4 Qb7 19. Bg5 h6 20. Bxf6 Bxf6
21. Rd2 a5 22. Rg2 Qe7 23. Nd5 Bxd5 24. exd5 Ra8 25. h3 Rdb8 26. Qe4 b4 27.
Be2 Qa7 28. Bd3 Qd4 29. Qxd4 exd4 30. a4 Re8 31. Rg3 Re3 32. Kg2 Rae8 33.
Rgf3 Rxf3 34. Rxf3 Re3 35. b3 Rxf3 36. Kxf3 Be5 37. Ke4 Kf8 38. Be2 Bf6 39.
Kd3 Ke8 40. Kc4 Kd7 41. Bd3 Bd8 42. Kb5 Bc7 43. f6 gxf6 44. Bf5+ Kd8 45. Kc6
Bb8 46. Kb6 Bc7+ 47. Kb7 d3 48. cxd3 Ke7 49. Kxc7 Ke8 50. Kxd6 Kd8 51. Kc6
Ke7 52. Kc7 Kf8 53. d6 Kg8 54. d7 Kg7 55. d8=Q h5 56. gxh5 Kh6 57. Qxf6+
Kxh5 58. Bg4# {Black checkmated} 1-0

[Event "ICC tourney 1955 (60 10)"]
[Site "Internet Chess Club"]
[Date "2020.08.08"]
[Round "6"]
[White "FamilyFork"]
[Black "pangpangba"]
[Result "1-0"]
[ICCResult "Black resigns"]
[WhiteElo "1835"]
[BlackElo "1524"]
[Opening "QGD: 4.Bg5"]
[ECO "D50"]
[NIC "QO.16"]
[Time "18:36:58"]
[TimeControl "3600+10"]

1. d4 Nf6 2. c4 e6 3. Nc3 d5 4. Bg5 Bb4 5. a3 Bxc3+ 6. bxc3 h6 7. Bxf6 Qxf6
8. e3 O-O 9. Nf3 Nd7 10. cxd5 exd5 11. Bd3 Nb6 12. Qb3 Bf5 13. Bxf5 Qxf5 14.
O-O Rab8 15. Rfe1 Nc4 16. Rad1 h5 17. Ne5 Nxe5 18. dxe5 c6 19. f4 h4 20. Rd4
h3 21. g3 Rfe8 22. Qd1 Re6 23. Kf2 Rxe5 24. g4 Qf6 25. Kg3 Re7 26. Kxh3 Rbe8
27. Qd3 Qe6 28. Kh4 g6 29. Qd2 Qf6+ 30. Kg3 Re6 31. h4 Qe7 32. Rd3 f5 33. g5
Qh7 34. Rh1 Qh5 35. Kf2 Re4 36. Qd1 Qxd1 37. Rhxd1 Ra4 38. Rb1 b5 39. Rb3
Ree4 40. Rd4 Raxd4 41. cxd4 a5 42. Rc3 Re6 43. a4 Kf7 44. Rc5 b4 45. Rxa5 b3
46. Ra6 c5 47. Ra5 Rb6 48. dxc5 b2 49. cxb6 b1=Q 50. Ra7+ Ke6 51. b7 Qb6 52.
Ra6 Qxa6 53. b8=Q Qxa4 54. Qe5+ Kd7 55. Qxd5+ Kc7 56. Qf7+ Kc8 57. Qxg6 Qc2+
58. Kg3 Qd3 59. Qe6+ Kb8 60. g6 Qf1 61. Qxf5 Qg1+ 62. Kf3 Qd1+ 63. Ke4 Qc2+
64. Ke5 Qc5+ 65. Kf6 Qf8+ 66. Kg5 Qd8+ 67. Qf6 Qd2 68. Qe5+ Kc8 69. g7 Qg2+
70. Kf6 {Black resigns} 1-0

[Event "ICC tourney 1955 (60 10)"]
[Site "Internet Chess Club"]
[Date "2020.08.08"]
[Round "6"]
[White "chesslead"]
[Black "Ronaldh"]
[Result "1-0"]
[ICCResult "Black checkmated"]
[WhiteElo "1998"]
[BlackElo "2073"]
[Opening "Sicilian: Taimanov (Bastrikov) variation"]
[ECO "B47"]
[NIC "SI.40"]
[Time "18:37:15"]
[TimeControl "3600+10"]

1. e4 c5 2. Nf3 Nc6 3. d4 cxd4 4. Nxd4 e6 5. Nc3 Qc7 6. Be2 a6 7. O-O Nf6 8.
Be3 Bb4 9. Na4 O-O 10. Nxc6 bxc6 11. Nb6 Rb8 12. Nxc8 Rfxc8 13. Bxa6 Re8 14.
Bd3 Bd6 15. f4 e5 16. f5 Bf8 17. b3 d5 18. Qf3 Qa5 19. Kh1 Bc5 20. Bg5 Bd4
21. Rae1 Qxa2 22. Bxf6 gxf6 23. Qg4+ Kf8 24. Qh4 Kg7 25. Rf3 Qa5 26. Ref1
Qd8 27. Rg3+ Kf8 28. Qh6+ Ke7 29. Rg7 Rh8 30. Rxh7 Rxh7 31. Qxh7 Qh8 32.
Qxh8 Rxh8 33. h3 Kd6 34. Kh2 Kc5 35. Kg3 Bc3 36. Rd1 Rh7 37. Kg4 Rh8 38. Rh1
Kd6 39. g3 d4 40. Kf3 Ke7 41. g4 Kf8 42. h4 Kg7 43. h5 Kh6 44. Kg3 Kg5 45.
Bc4 Rh7 46. Bxf7 Rxf7 47. h6 Rh7 48. Rh5# {Black checkmated} 1-0

[Event "ICC tourney 1955 (60 10)"]
[Site "Internet Chess Club"]
[Date "2020.08.08"]
[Round "6"]
[White "MikeWMason"]
[Black "GenerousSW"]
[Result "0-1"]
[ICCResult "White resigns"]
[WhiteElo "1763"]
[BlackElo "2001"]
[Opening "Sicilian: Sozin, Benkö variation"]
[ECO "B57"]
[NIC "SI.25"]
[Time "18:37:32"]
[TimeControl "3600+10"]

1. e4 c5 2. Nf3 d6 3. d4 cxd4 4. Nxd4 Nf6 5. Nc3 Nc6 6. Bc4 Qb6 7. Nxc6 bxc6
8. O-O e5 9. Bb3 Be7 10. Be3 Qc7 11. h3 O-O 12. f4 exf4 13. Bxf4 Be6 14. Qe2
Bxb3 15. axb3 Nd7 16. Kh1 Bf6 17. Qc4 Rfc8 18. Qd3 Be5 19. Rad1 Rd8 20. Qc4
Rac8 21. Be3 Nb6 22. Bxb6 axb6 23. Ra1 b5 24. Qb4 Ra8 25. Ra3 Rxa3 26. Qxa3
Qb7 27. Ra1 b4 28. Qa5 Re8 29. Nd1 c5 30. Qa4 Rf8 31. Qa6 Qxe4 32. Nf2 Qxc2
33. Nd3 Qxb3 34. Nxe5 dxe5 35. Qe2 Qe6 36. Ra6 Qd5 37. Ra1 Rd8 38. Re1 f6
39. Rc1 Rc8 40. Qb5 Qd4 41. Qb7 Qd8 42. Qb5 Qc7 43. Qc4+ Kh8 44. Rd1 Qc6 45.
Qg4 Rg8 46. Rc1 e4 47. Rc4 Re8 48. Qe2 e3 49. b3 Qd5 {White resigns} 0-1

[Event "ICC tourney 1955 (60 10)"]
[Site "Internet Chess Club"]
[Date "2020.08.08"]
[Round "6"]
[White "JonSnow22897"]
[Black "vikram251107"]
[Result "0-1"]
[ICCResult "White forfeits on time"]
[WhiteElo "2088"]
[BlackElo "1971"]
[Opening "Caro-Kann: two knights variation"]
[ECO "B11"]
[NIC "CK.01"]
[Time "18:37:52"]
[TimeControl "3600+10"]

1. e4 c6 2. Nc3 d5 3. Nf3 dxe4 4. Nxe4 Nf6 5. Qe2 Nxe4 6. Qxe4 e6 7. Bd3 Nd7
8. Bc4 Nf6 9. Qe2 Bd6 10. b3 b6 11. Bb2 Bb7 12. h4 Qe7 13. h5 h6 14. Ne5 O-O
15. g4 c5 16. Rh3 Nd5 17. Bxd5 exd5 18. Nd3 Qxe2+ 19. Kxe2 Rfe8+ 20. Kf1 Bc8
21. f3 Ba6 22. Ba3 Bf4 23. Rd1 Bxd3+ 24. cxd3 a5 25. Rh1 d4 26. Kf2 Re6 27.
Rhe1 Rae8 28. Rxe6 Rxe6 29. Bc1 Re5 30. Rg1 Re8 31. Rg2 a4 32. bxa4 Ra8 33.
Ke1 Rxa4 34. a3 Ra8 35. Re2 Kf8 36. Kd1 Re8 37. Rf2 Bg3 38. Re2 Rxe2 39.
Kxe2 g6 40. hxg6 fxg6 41. a4 h5 42. gxh5 gxh5 43. Kf1 Kf7 44. Kg2 Bd6 45.
Ba3 Kf6 46. f4 Kf5 47. Kf3 h4 {White forfeits on time} 0-1

[Event "ICC tourney 1955 (60 10)"]
[Site "Internet Chess Club"]
[Date "2020.08.08"]
[Round "6"]
[White "imranchamp"]
[Black "divy7"]
[Result "1/2-1/2"]
[ICCResult "Game drawn by mutual agreement"]
[WhiteElo "1665"]
[BlackElo "1701"]
[Opening "Caro-Kann: advance variation"]
[ECO "B12"]
[NIC "CK.02"]
[Time "18:37:52"]
[TimeControl "3600+10"]

1. e4 c6 2. d4 d5 3. e5 c5 4. c3 Nc6 5. Be3 Nh6 6. Bd3 Nf5 7. Bxf5 Bxf5 8.
Nf3 Qb6 9. Qd2 cxd4 10. Nxd4 Nxd4 11. cxd4 Bxb1 12. Rxb1 e6 13. O-O Bb4 14.
Qc2 O-O 15. Rfc1 f6 16. a3 Be7 17. Qc7 Bd8 18. Qxb6 Bxb6 19. exf6 gxf6 20.
Rc2 Rac8 21. Rbc1 Rxc2 22. Rxc2 Rf7 23. Kf1 Rc7 24. Rxc7 Bxc7 25. Ke2 Kf7
26. h3 Ke7 27. Kd3 Kd6 28. g4 b5 29. f4 Ke7 30. h4 a5 31. Bd2 a4 32. Ke3 e5
33. dxe5 fxe5 34. fxe5 Bxe5 35. Bc3 Ke6 36. g5 Bxc3 37. bxc3 Kf5 38. Kd4 Kg4
39. Kxd5 Kxh4 40. Kc5 Kxg5 41. Kxb5 h5 42. c4 h4 43. c5 h3 44. c6 h2 45. c7
h1=Q 46. c8=Q Qd1 47. Qg8+ Kf6 48. Qf8+ {Game drawn by mutual agreement}
1/2-1/2

[Event "ICC tourney 1955 (60 10)"]
[Site "Internet Chess Club"]
[Date "2020.08.08"]
[Round "6"]
[White "chessrani"]
[Black "firewoods"]
[Result "0-1"]
[ICCResult "White resigns"]
[WhiteElo "1989"]
[BlackElo "2190"]
[Opening "Sicilian: Labourdonnais-Löwenthal (Kalashnikov) variation"]
[ECO "B32"]
[NIC "SI.32"]
[Time "18:37:26"]
[TimeControl "3600+10"]

1. e4 c5 2. Nf3 Nc6 3. d4 cxd4 4. Nxd4 e5 5. Nb5 d6 6. N1c3 a6 7. Na3 b5 8.
Nd5 Nge7 9. Be3 Nxd5 10. Qxd5 Bb7 11. Be2 Na5 12. Qd3 d5 13. exd5 Qxd5 14.
Bb6 Bb4+ 15. c3 Bxa3 16. bxa3 Nc4 17. Qxd5 Bxd5 18. Bc5 Kd7 19. O-O-O Kc6
20. Bb4 Ra7 21. Bxc4 bxc4 22. Rd2 a5 23. Rhd1 Bxg2 24. Bd6 Bf3 25. Rg1 f6
26. a4 Rd8 27. Ba3 Rxd2 28. Kxd2 g5 29. Rb1 Rd7+ 30. Ke1 Rd3 31. Be7 Rxc3
32. Bxf6 Rc2 33. a3 g4 34. Bxe5 Re2+ 35. Kf1 Rxe5 36. Rc1 Kc5 37. h3 gxh3
38. Kg1 Kd4 39. Kh2 Bg2 40. Rd1+ Kc3 41. Rc1+ Kd3 42. Rd1+ Kc2 43. Rd4 c3
44. f4 Re1 45. f5 Rf1 46. Rh4 Rxf5 47. Rxh7 Rf2 48. Kg1 Rf1+ 49. Kh2 Rh1+
50. Kg3 Be4 51. Re7 Re1 52. Kf2 Kd2 53. Rd7+ Bd3 {White resigns} 0-1

[Event "ICC tourney 1955 (60 10)"]
[Site "Internet Chess Club"]
[Date "2020.08.08"]
[Round "6"]
[White "abi2009"]
[Black "myqueen"]
[Result "0-1"]
[ICCResult "White resigns"]
[WhiteElo "1777"]
[BlackElo "2007"]
[Opening "Sicilian: Nimzovich-Rossolimo attack (with ...g6, without ...d6)"]
[ECO "B31"]
[NIC "SI.31"]
[Time "18:37:45"]
[TimeControl "3600+10"]

1. e4 c5 2. Nf3 Nc6 3. Bb5 g6 4. c3 Bg7 5. O-O Nf6 6. e5 Nd5 7. d4 cxd4 8.
cxd4 O-O 9. Nc3 Nxc3 10. bxc3 d6 11. Re1 dxe5 12. Bxc6 bxc6 13. Nxe5 Bb7 14.
Ba3 Qc7 15. Qb3 Rad8 16. Kh1 Rd5 17. Nf3 Re8 18. Rab1 Rb5 19. Qc4 Rh5 20.
Qb4 Rb5 21. Qa4 a6 22. c4 Rxb1 23. Rxb1 Rd8 24. Qb4 Rd7 25. h3 c5 26. Qxc5
Bxf3 27. gxf3 Bxd4 28. Qxc7 Rxc7 29. Rb8+ Kg7 30. Ra8 Rxc4 31. Rxa6 e6 32.
Bd6 Bxf2 33. Be5+ f6 34. Bd6 Rc1+ 35. Kg2 Rc2 36. Kf1 Bd4 37. f4 e5 38. fxe5
fxe5 39. Ra8 Kf6 40. a4 e4 41. Re8 e3 42. Ke1 Bc3+ 43. Kd1 Rd2+ 44. Kc1 Rxd6
{White resigns}
0-1

[Event "ICC tourney 1955 (60 10)"]
[Site "Internet Chess Club"]
[Date "2020.08.08"]
[Round "6"]
[White "slolla"]
[Black "Atharva10"]
[Result "0-1"]
[ICCResult "White resigns"]
[WhiteElo "1797"]
[BlackElo "2051"]
[Opening "QGD: exchange variation"]
[ECO "D35"]
[NIC "TD.08"]
[Time "18:37:29"]
[TimeControl "3600+10"]

1. d4 Nf6 2. c4 e6 3. Nc3 d5 4. cxd5 Nxd5 5. e4 Nxc3 6. bxc3 c5 7. Nf3 cxd4
8. cxd4 Bd6 9. Be2 O-O 10. O-O b6 11. Be3 Bb7 12. e5 Be7 13. Qd2 Nd7 14.
Rac1 Rc8 15. Rxc8 Qxc8 16. Rc1 Qb8 17. Ne1 Rc8 18. Nd3 Ba6 19. h3 h6 20. Bf3
Rd8 21. Nb4 Bb5 22. Qb2 a6 23. Nc6 Bxc6 24. Rxc6 a5 25. a4 Bb4 26. Be2 Qb7
27. Qc2 Nf8 28. Rc7 Qb8 29. Qc6 Ng6 30. Rb7 Ne7 31. Qxb6 Qc8 32. Bf3 Nf5 33.
Qa7 Rf8 34. Bf4 Qc3 35. Be3 Nxe3 36. fxe3 Qxe3+ 37. Kh2 Qf4+ 38. Kg1 Bc3 39.
Rd7 Qe3+ 40. Kh2 Bd2 41. Qa6 Bc3 42. Qc4 Rb8 43. Qe2 Qf4+ 44. g3 Qc1 45. Bg2
Qa1 46. Qf2 Rf8 47. Bc6 Be1 48. Qg2 Rb8 49. Qc2 Qa3 50. Bg2 Bxg3+ 51. Kg1
Qe3+ 52. Kh1 Qe1+ {White resigns} 0-1

[Event "ICC tourney 1955 (60 10)"]
[Site "Internet Chess Club"]
[Date "2020.08.08"]
[Round "6"]
[White "NK3"]
[Black "Natey"]
[Result "1-0"]
[ICCResult "Black checkmated"]
[WhiteElo "2163"]
[BlackElo "1655"]
[Opening "Giuoco Piano"]
[ECO "C54"]
[NIC "IG.02"]
[Time "18:37:32"]
[TimeControl "3600+10"]

1. e4 e5 2. Nf3 Nc6 3. Bc4 Bc5 4. c3 Nf6 5. d3 a6 6. O-O d6 7. Bb3 O-O 8.
Re1 h6 9. h3 Be6 10. Nbd2 Bb6 11. Nf1 Qd7 12. Ng3 Rfe8 13. Nh4 Bxh3 14. Nh5
Nxh5 15. Qxh5 Bg4 16. Qg6 Be6 17. Qh5 Bxb3 18. axb3 Qe6 19. b4 Qf6 20. Nf5
Ne7 21. g4 Nxf5 22. exf5 Kf8 23. Qh3 g5 24. Kg2 Kg7 25. Bd2 Rad8 26. Rh1 c6
27. Rh2 d5 28. Rah1 Rd6 29. Qg3 Qd8 30. Rh5 e4 31. d4 a5 32. bxa5 Bxa5 33.
Qh2 Qf6 34. Qg3 Rdd8 35. Rxh6 Qxh6 36. Rxh6 Kxh6 37. Qh4+ Kg7 38. Qxg5+ Kf8
39. f6 Re6 40. Qg7+ Ke8 41. Qg8+ Kd7 42. Qxf7+ Kc8 43. Qxe6+ Kb8 44. f7 Ka7
45. Qe7 Rh8 46. f8=Q Rxf8 47. Qxf8 b5 48. g5 Bc7 49. g6 Kb7 50. g7 Kb6 51.
g8=Q Ka5 52. Qc5 Bb8 53. Qxb8 e3 54. Qba7# {Black checkmated} 1-0

[Event "ICC tourney 1955 (60 10)"]
[Site "Internet Chess Club"]
[Date "2020.08.08"]
[Round "6"]
[White "Leolix"]
[Black "saanvichess"]
[Result "1-0"]
[ICCResult "Black resigns"]
[WhiteElo "1947"]
[BlackElo "1642"]
[Opening "QGD: semi-Slav, Noteboom variation"]
[ECO "D31"]
[NIC "SL.06"]
[Time "18:37:33"]
[TimeControl "3600+10"]

1. d4 d5 2. c4 e6 3. Nc3 c6 4. Nf3 dxc4 5. a4 Bb4 6. e4 b5 7. Be2 Nf6 8. Qc2
Bb7 9. O-O a6 10. Bg5 h6 11. Bh4 Nbd7 12. e5 g5 13. Bg3 Nh5 14. Ne4 Nxg3 15.
hxg3 Be7 16. Rfd1 Qc7 17. Rac1 g4 18. Nh2 h5 19. b3 c5 20. bxc4 b4 21. Bf1
b3 22. Qd3 Bxe4 23. Qxe4 Rb8 24. Rb1 cxd4 25. Qxd4 Nc5 26. Qe3 a5 27. Be2
Rg8 28. Nf1 Rg5 29. f4 gxf3 30. Qxf3 Qxe5 31. Qc6+ Kf8 32. Bf3 b2 33. Rd2
Qc3 34. Qc7 Rb3 35. Rd8+ Kg7 36. Qxe7 Qc1 37. Rd1 Re5 38. Rdxc1 bxc1=Q 39.
Rxc1 Rbe3 40. Nxe3 {Black resigns} 1-0

[Event "ICC tourney 1955 (60 10)"]
[Site "Internet Chess Club"]
[Date "2020.08.08"]
[Round "6"]
[White "meghna"]
[Black "KnightHawk8"]
[Result "1-0"]
[ICCResult "Black checkmated"]
[WhiteElo "1932"]
[BlackElo "2017"]
[Opening "Ruy Lopez: Marshall counter-attack"]
[ECO "C89"]
[NIC "RL.17"]
[Time "18:36:47"]
[TimeControl "3600+10"]

1. e4 e5 2. Nf3 Nc6 3. Bb5 a6 4. Ba4 Nf6 5. O-O b5 6. Bb3 Be7 7. Re1 O-O 8.
c3 d5 9. exd5 Nxd5 10. d4 exd4 11. Nxd4 Bb7 12. Nxb5 axb5 13. Qxd5 Bd6 14.
Qh5 Ra5 15. Bc2 g6 16. Qg5 Be7 17. Qg3 Bh4 18. Qf4 b4 19. cxb4 Nd4 20. Nc3
Nxc2 21. bxa5 Nxe1 22. f3 Nd3 23. Qc4 Ba6 24. Qa4 Bf2+ 25. Kh1 Nxc1 26. Rxc1
Re8 27. Ne4 Be3 28. Re1 Bd4 29. Qxe8+ Qxe8 30. Nf6+ Bxf6 31. Rxe8+ Kg7 32.
Ra8 Bc4 33. b3 Bd5 34. Rc8 c6 35. a6 Bd4 36. Rc7 Kf6 37. a7 c5 38. Rd7 Bc6
39. Rd6+ Ke7 40. Rxc6 c4 41. a8=Q cxb3 42. axb3 Be5 43. Qb7+ Kf8 44. Rc8+
Kg7 45. Re8 Bf6 46. g4 Bg5 47. Kg2 Bf6 48. Kg3 Bg5 49. f4 Bf6 50. g5 Bxg5
51. fxg5 h5 52. Kh4 Kh7 53. Qxf7# {Black checkmated} 1-0

[Event "ICC tourney 1955 (60 10)"]
[Site "Internet Chess Club"]
[Date "2020.08.08"]
[Round "6"]
[White "canary2016"]
[Black "mdbgaccp"]
[Result "1-0"]
[ICCResult "Black resigns"]
[WhiteElo "2017"]
[BlackElo "1800"]
[Opening "Queen's pawn, Mason variation"]
[ECO "D00"]
[NIC "QP.08"]
[Time "18:36:37"]
[TimeControl "3600+10"]

1. d4 d5 2. Bf4 Nf6 3. e3 g6 4. c4 c6 5. Nf3 dxc4 6. Bxc4 Bg7 7. h3 O-O 8.
O-O Nbd7 9. Nc3 Nb6 10. Bd3 Nbd5 11. Bh2 Qb6 12. Qe2 Nb4 13. Bc4 a5 14. Rad1
Na6 15. Rfe1 e6 16. Rd2 Qd8 17. Red1 b5 18. Bd3 Qb6 19. Ne5 Bb7 20. Rc1 Nb4
21. Bb1 Rfd8 22. a3 Nbd5 23. Nxd5 Nxd5 24. Rcd1 f6 25. Nd3 b4 26. Nc5 Re8
27. e4 Nc7 28. Nd7 Qa7 29. Bxc7 Ba6 30. Qf3 Qxc7 31. Nxf6+ Bxf6 32. Qxf6 Bc4
33. Bd3 Rf8 34. Qg5 Bxd3 35. Rxd3 Rf4 36. d5 cxd5 37. exd5 Rf5 38. d6 Qc2
39. Qe3 bxa3 40. bxa3 Raf8 41. R3d2 Qc4 42. d7 Rd8 43. Qb6 Rff8 44. Re1 e5
45. Qxa5 e4 46. Qd5+ Qxd5 47. Rxd5 Rf7 48. Red1 Kf8 49. a4 Rf6 50. a5 Ra6
51. Kf1 Kf7 52. Ke2 Kf6 53. Ke3 Re6 54. Rd6 Ke7 55. Rxe6+ Kxe6 56. Kxe4
{Black resigns}
1-0

[Event "ICC tourney 1955 (60 10)"]
[Site "Internet Chess Club"]
[Date "2020.08.08"]
[Round "6"]
[White "KnightRyder3"]
[Black "jHanna"]
[Result "1/2-1/2"]
[ICCResult "Game drawn by mutual agreement"]
[WhiteElo "1798"]
[BlackElo "1864"]
[Opening "French: Rubinstein variation"]
[ECO "C03"]
[NIC "FR.07"]
[Time "18:37:34"]
[TimeControl "3600+10"]

1. e4 e6 2. d4 d5 3. Nd2 dxe4 4. Nxe4 Nd7 5. Nf3 Ngf6 6. Nxf6+ Nxf6 7. Bd3
c5 8. dxc5 Bxc5 9. O-O O-O 10. Bf4 b6 11. Qe2 Bb7 12. Rad1 Qe7 13. c3 Bxf3
14. Qxf3 Rad8 15. Rfe1 Nd5 16. Bg3 Qf6 17. Qxf6 Nxf6 18. h3 Rd5 19. Bc2 Rfd8
20. Rxd5 Rxd5 21. Rd1 Rxd1+ 22. Bxd1 Ne4 23. Kf1 Nxg3+ 24. fxg3 f6 25. Bb3
Kf7 26. g4 Ke7 27. Ke2 Kd6 28. Kf3 Ke5 29. Bc2 h6 30. Bb3 b5 31. c4 b4 32.
Bc2 Kd4 33. Ke2 g5 34. Kd2 Ke5 35. b3 Kf4 36. Bd1 Ke4 37. Bf3+ Kd4 38. Bd1
Bd6 39. Bf3 Bf4+ 40. Kc2 e5 41. Be2 e4 42. Kd1 Be3 43. Kc2 Ke5 44. Kd1 Kf4
45. Bf1 Bd4 46. Ke2 Ke5 47. Kd1 Bc5 48. Kd2 Kd4 49. Be2 Bd6 50. Bf1 Bf4+ 51.
Kd1 a5 52. Ke2 e3 53. Kf3 Bd6 54. Ke2 Bc5 55. Kd1 Kc3 56. Kc1 Kd4 57. Kd1
Ke4 58. Ke2 Kf4 59. Ke1 Kg3 60. Ke2 Ba7 61. Ke1 Kf4 62. Ke2 Bc5 63. Ke1 Ke4
{Game drawn by mutual agreement}
1/2-1/2